 Dungeon Crawl Stone Soup version 0.28.0-53-g5a82cb258f (webtiles) character file.

Game seed: 12973335311985280474

295482 DildoBatman the Earth Mage (level 21, -11/165 (174) HPs)
             Began as a Formicid Conjurer on June 10, 2022.
             Was an Initiate of Gozag.
             Mangled by a vault guard
             ... wielding a +0 great sword of flaming
             ... led by a vault warden
              (27 damage)
             ... on level 2 of the Vaults.
             The game lasted 02:34:01 (36996 turns).

DildoBatman the Earth Mage (Formicid Conjurer)     Turns: 36996, Time: 02:34:02

HP:   -11/165 (174) AC: 17    Str: 14    XL:     21   Next: 78%
MP:   29/44         EV: 15    Int: 33    God:    Gozag
Gold: 8624          SH: 23    Dex: 23    Spells: 17/40 levels left

rFire   + . .      SeeInvis +   a - +8 frozen axe "Frostbite" {freezing cloud, *Noise Fly rC+}
rCold   + + .      Faith    .   J - +2 tower shield
rNeg    . . .      Spirit   .   F - +4 troll leather armour
rPois   .          Reflect  .   (helmet unavailable)
rElec   .          Harm     +   W - +1 cloak
rCorr   .          Rampage  .   d - +2 pair of gloves of Tidgh {rC+}
Will    ++...      Clarity  +   w - +0 pair of boots
Stlth   ++........              m - amulet "Kifeczyu" {RegenMP Contam Harm Int+6}
HPRegen 1.17/turn               G - +6 ring of dexterity
MPRegen 0.69/turn               p - ring of Jeip {rF+ MP+9 Int+4}

@: gold aura, flying, drained
A: permanent stasis, dig shafts and tunnels, antennae 3, four strong arms,
clarity, clever 1, strong 1, wild magic 1
}: 2/15 runes: serpentine, barnacled
a: Dig, Shaft Self, Renounce Religion, Potion Petition, Call Merchant, Bribe
Branch


You were on level 2 of the Vaults.
You worshipped Gozag.
Gozag was greatly pleased with you.
You visited 7 branches of the dungeon, and saw 34 of its levels.
You visited 1 bazaar.
You also visited: Bailey, Gauntlet and Ice Cave.

You collected 12639 gold pieces.
You spent 2395 gold pieces at shops.
You paid 1620 gold pieces to Gozag.

Inventory:

Hand Weapons
 a - the +8 frozen axe "Frostbite" (weapon) {freezing cloud, *Noise Fly rC+}
   (You found it in a Gauntlet)

   It freezes those it strikes, dealing additional cold damage.
   It can also slow down cold-blooded creatures.
   It occasionally leaves clouds of freezing vapour upon striking a foe.
   It grants immunity to clouds of freezing vapour.
   rC:        It protects you from cold.
   Fly:       It grants you flight.
   *Noise:    It may make noises in combat.
 b - the +10 falchion "Natorchoo" {flame, Fly}
   (You found it on level 1 of the Vaults)

   It burns those it strikes, dealing additional fire damage.
   Big, fiery blades are also staple armaments of hydra-hunters.
   Fly:       It grants you flight.
 c - a +4 shortbow of flaming
 e - the +11 war axe of the Median {freeze, rC+ Will+}
   (You took it off a minotaur in a Gauntlet)

   It freezes those it strikes, dealing additional cold damage.
   It can also slow down cold-blooded creatures.
   rC:        It protects you from cold.
   Will:      It increases your willpower.
Missiles
 h - 701 bolts
 l - 18 throwing nets (quivered)
 u - 1044 arrows
 K - 13 silver javelins
 T - 417 sling bullets
Armour
 d - the +2 pair of gloves of Tidgh (worn) {rC+}
   (You found it on level 2 of the Snake Pit)

   rC:        It protects you from cold.
 w - a +0 pair of boots (worn)
 F - a +4 troll leather armour (worn)
 J - a +2 tower shield (worn)
 W - a +1 cloak (worn)
Jewellery
 k - a +4 ring of protection
 m - the amulet "Kifeczyu" (around neck) {RegenMP Contam Harm Int+6}
   (You found it on level 6 of the Lair of Beasts)

   [amulet of magic regeneration]

   It increases your rate of magic regeneration.
   Int:       It affects your intelligence (+6).
   Contam:    It causes magical contamination when unequipped.
   Harm:      It increases damage dealt and taken.
 p - the ring of Jeip (right hand) {rF+ MP+9 Int+4}
   (You took it off an orc on level 10 of the Dungeon)

   [ring of magical power]

   Int:       It affects your intelligence (+4).
   rF:        It protects you from fire.
   MP:        It affects your magic capacity (+9).
 D - a +6 ring of intelligence
 G - a +6 ring of dexterity (left hand)
 N - the ring of Contention {rF- rN+ rCorr Dex+5}
   (You took it off a centaur on level 2 of the Shoals)

   [ring of resist corrosion]

   Dex:       It affects your dexterity (+5).
   rF:        It makes you vulnerable to fire.
   rN:        It protects you from negative energy.
   rCorr:     It protects you from acid and corrosion.
 S - a ring of willpower
Wands
 r - a wand of acid (15)
 A - a wand of iceblast (52)
Scrolls
 f - a scroll of acquirement
 q - a scroll of torment
 y - 3 scrolls of immolation
 z - 8 scrolls of identify
 B - 4 scrolls of holy word
 C - 4 scrolls of magic mapping
 O - 11 scrolls of summoning
 P - 4 scrolls of fog
 U - a scroll of silence
 X - 3 scrolls of fear
Potions
 g - a potion of ambrosia
 i - 8 potions of curing
 j - 2 potions of invisibility
 n - 6 potions of resistance
 o - a potion of berserk rage {unknown}
 s - 8 potions of brilliance
 t - 6 potions of magic
 x - 3 potions of heal wounds
 L - 4 potions of cancellation
 M - 4 potions of might
Miscellaneous
 E - a phantom mirror
 R - a box of beasts


   Skills:
 - Level 17.0 Fighting
 - Level 2.0 Long Blades
 - Level 3.7(4.0) Axes
 - Level 2.0(3.1) Polearms
 - Level 10.0 Armour
 - Level 7.0 Dodging
 - Level 2.4 Stealth
 - Level 15.0 Shields
 - Level 10.0 Spellcasting
 - Level 6.0 Conjurations
 * Level 17.1 Necromancy
 * Level 15.6 Transmutations
 - Level 6.0 Air Magic
 - Level 20.0 Earth Magic
 - Level 6.0 Poison Magic


You had 17 spell levels left.
You knew the following spells:

 Your Spells              Type           Power      Damage    Failure   Level
a - Borgnjor's Vile Clut  Necr/Erth      55%        N/A       1%          5
d - Vampiric Draining     Necr           100%       2d13      1%          3
e - Mephitic Cloud        Conj/Pois/Air  64%        N/A       4%          3
g - Statue Form           Tmut/Erth      72%        N/A       1%          6
h - Dispel Undead         Necr           100%       3d31      1%          4
z - Sublimation of Blood  Necr           100%       N/A       1%          2

Your spell library contained the following spells:

 Spells                   Type           Power      Damage    Failure   Level
 Animate Skeleton         Necr           100%       N/A       1%          1
 Magic Dart               Conj           100%       1d8       1%          1
 Pain                     Necr           100%       1d9       1%          1
 Shock                    Conj/Air       100%       1d9       1%          1
 Sting                    Tmut/Pois      100%       1d8       1%          1
 Corpse Rot               Necr/Air       100%       N/A       1%          2
 Passwall                 Tmut/Erth      90%        N/A       1%          2
 Spider Form              Tmut/Pois      85%        N/A       1%          3
 Animate Dead             Necr           53%        N/A       1%          4
 Agony                    Necr           100%       N/A       1%          5
 Blade Hands              Tmut           51%        N/A       1%          5
 Excruciating Wounds      Necr           53%        N/A       1%          5
 Lee's Rapid Deconstruct  Erth           57%        3d27*     1%          5
 Poisonous Vapours        Pois/Air       100%       N/A       2%          2
 Searing Ray              Conj           100%       2d8       2%          2
 Static Discharge         Conj/Air       64%        N/A       2%          2
 Death Channel            Necr           53%        N/A       2%          6
 Leda's Liquefaction      Hex/Erth       41%        N/A       3%          4
 Anguish                  Hex/Necr       38%        N/A       4%          4
 Irradiate                Conj/Tmut      42%        3d27      5%          5
 Ice Form                 Ice/Tmut       73%        N/A       6%          4
 Dazzling Flash           Conj/Hex       94%        N/A       12%         3
 Airstrike                Air            32%        N/A       12%         4
 Olgreb's Toxic Radiance  Pois           64%        N/A       12%         4
 Apportation              Tloc           42%        N/A       13%         1
 Freeze                   Ice            84%        1d10      13%         1
 Dragon Form              Tmut           51%        N/A       17%         7
 Call Imp                 Summ           21%        N/A       21%         2
 Ensorcelled Hibernation  Hex/Ice        42%        N/A       21%         2
 Eringya's Noxious Bog    Tmut/Pois      42%        N/A       22%         6
 Lightning Bolt           Conj/Air       32%        1d49      30%         5
 Frozen Ramparts          Ice            42%        1d6       34%         3
 Gell's Gravitas          Tloc           21%        N/A       34%         3
 Inner Flame              Hex/Fire       21%        N/A       34%         3
 Lesser Beckoning         Tloc           21%        N/A       34%         3
 Teleport Other           Tloc           21%        N/A       34%         3
 Fulminant Prism          Conj/Hex       23%        3d13      34%         4
 Hailstorm                Conj/Ice       47%        3d11      34%         4
 Iskenderun's Mystic Bla  Conj/Tloc      47%        2d10      34%         4
 Sticky Flame             Conj/Fire      47%        2d6       34%         4
 Summon Lightning Spire   Summ/Air       47%        N/A       34%         4
 Simulacrum               Ice/Necr       38%        N/A       47%         6
 Freezing Cloud           Conj/Ice/Air   27%        6-21      52%         5
 Borgnjor's Revivificati  Necr           53%        N/A       54%         8
 Infestation              Necr           53%        N/A       54%         8
 Necromutation            Tmut/Necr      52%        N/A       65%         8
 Cause Fear               Hex            10%        N/A       73%         4
 Summon Ice Beast         Ice/Summ       21%        N/A       73%         4
 Haunt                    Necr/Summ      38%        N/A       95%         7
 Summon Forest            Summ/Tloc      10%        N/A       96%         5
 Summon Mana Viper        Hex/Summ       21%        N/A       96%         5
 Dispersal                Tloc           10%        N/A       100%        6
 Summon Cactus Giant      Summ           10%        N/A       100%        6
 Malign Gateway           Summ/Tloc      10%        N/A       100%        7
 Ozocubu's Refrigeration  Ice            10%        4d7       100%        7
 Discord                  Hex            10%        N/A       100%        8
 Ignition                 Fire           10%        3d5       100%        8
 Maxwell's Capacitive Co  Air            32%        ∞         100%        8
 Summon Horrible Things   Summ           10%        N/A       100%        8
 Death's Door             Necr           53%        N/A       100%        9
 Polar Vortex             Ice            10%        N/A       100%        9
 Swiftness                Air            Unusable   N/A       N/A         3
 Blink                    Tloc           Unusable   N/A       N/A         2

Dungeon Overview and Level Annotations

Branches:
Dungeon (15/15)            Temple (1/1) D:7            Lair (6/6) D:8
 Shoals (4/4) Lair:4        Snake (4/4) Lair:3        Slime (0/5) Lair:5
    Orc (2/2) D:12            Elf (0/3) Orc:2        Vaults (2/5) D:14
 Bailey (visited)           IceCv (visited)         Gauntlet (visited)
  Crypt: Vaults:2-3  Depths: D:15

Altars:
Ashenzari
Cheibriados
Dithmenos
Elyvilon
Fedhas
Gozag
Hepliaklqana
Kikubaaqudgha
Makhleb
Nemelex Xobeh
Okawaru
Qazlal
Ru
Sif Muna
Trog
Uskayaw
Vehumet
Wu Jian
Xom
Yredelemnul
Zin
The Shining One
Beogh

Shops:
D:1 *   D:2 [   Orc:1 [   Orc:2 ([*:[   Shoals:1 *   Shoals:2 **   Shoals:3 *
Snake:2 ([?*

Annotations:
Vaults:2 34 runed doors


Innate Abilities, Weirdness & Mutations

You cannot be hasted, slowed, berserked, paralysed or teleported.
You can dig through walls and to a lower floor.
You have a pair of large antennae on your head. (SInv)
Your four strong arms can wield two-handed weapons with a shield.
You possess an exceptional clarity of mind.
Your mind is acute. (Int +2)
Your muscles are strong. (Str +2)
Your spells are a little harder to cast, but a little more powerful.


Message History

The vault warden is no longer distracted by gold.
The wizard is no longer distracted by gold.
The vault guard is distracted by your dazzling golden aura.
The wizard mumbles some strange words.
The wizard flickers and vanishes for a moment.
You block the phantasmal warrior's attack.
Casting: Vampiric Draining (safe; 1% risk of failure)
Confirm with . or Enter, or press ? or * to list all spells.
Aiming: Mephitic Cloud (mildly dangerous; 4% risk of failure)
Press: ? - help, Shift-Dir - straight line
Okay, then.
Casting: Mephitic Cloud (mildly dangerous; 4% risk of failure)
Confirm with . or Enter, or press ? or * to list all spells.
Aiming: Dispel Undead (safe; 1% risk of failure)
Press: ? - help, Shift-Dir - straight line, f - phantasmal warrior
Aim: a phantasmal warrior (severely damaged, 100% to hit)
The phantasmal warrior is dispelled!!
You destroy the phantasmal warrior!
The vault guard shouts!
You feel sick.
The wizard mumbles some strange words.
The wizard blinks!
You feel sick.
The vault guard is no longer distracted by gold.
The vault guard completely misses you.
You see here 6 gold pieces.
You feel sick.
You are no longer poisoned.
Casting: Dispel Undead (safe; 1% risk of failure)
Confirm with . or Enter, or press ? or * to list all spells.
Aiming: Borgnjor's Vile Clutch (mildly dangerous; 1% risk of failure)
Press: ? - help, Shift-Dir - straight line, f - vault guard
Aim: a vault guard, wielding a +0 great sword of flaming and wearing a +0 chain mail (strong, 100% to hit)
Zombie hands grab the vault guard.
Zombie hands grab the vault warden.
The zombie hands constrict the vault warden.
The zombie hands constrict the vault guard!
The vault guard hits you with a +0 great sword of flaming!!
You die...
Your body crumbles into a pile of gold.

...'..'..#...######'###
...#..#..##### #.....#
+######...# #.....#
#...+ #.###.# { +...#
#.?#..# ##... #.###.#
#+##+ #.(#..# #.###{#
#@$#..# #p###.# #p....#
#...$.# ##$##$# ......#
#......# #......#
+......#


You could see a vault warden (clutched) and a vault guard (strong, clutched).

Vanquished Creatures
  Margery (Vaults:2)
  Rupert (Lair:4)
  Jorgrun (D:13)
  A titan (Shoals:4)
  2 sphinxes (Vaults:1)
  The ghost of LordBelias the Carver, an adept GnCA of Gozag (Shoals:2)
  A tengu reaver (Vaults:2)
  A shadow dragon (Vaults:2)
  Gastronok (D:12)
  Donald (Snake:4)
  7 nagarajas
  3 vault wardens
  A frost giant (IceCv)
  Aizul (Snake:2)
  The ghost of hydrownug the Fighter, a journeyman OgWn of Ru (Lair:6)
  3 ironbound thunderhulks
  7 ironbound preservers
  A stone giant (Vaults:2)
  2 very ugly things (Vaults:1)
  3 war gargoyles (Vaults:2)
  2 minotaurs
  2 eleionomae (Shoals:2)
  The ghost of duchin the Fighter, a journeyman DgFi (Lair:3)
  7 dire elephants (Vaults:1)
  An entropy weaver (Vaults:2)
  An ettin (Vaults:2)
  7 merfolk impalers
  8 merfolk javelineers
  7 yaktaur captains
  2 crystal guardians (Vaults:2)
  A fire dragon (Lair:6)
  2 spectral krakens (Shoals:3)
  5 salamander tyrants (Snake:4)
  12 naga warriors
  2 ghost crabs (Shoals:3)
  3 great orbs of eyes
  5 boulder beetles
  8 vault guards
  7 hydras
  A catoblepas (Lair:6)
  6 centaur warriors
  4 peacekeepers
  5 ironbound frosthearts
  8 anacondas
  4 satyrs
  4 two-headed ogres
  11 merfolk aquamancers
  15 death yaks
  An alligator snapping turtle (Shoals:3)
  4 orc high priests (Orc:2)
  7 shock serpents
  9 naga sharpshooters
  3 hell knights (Vaults:2)
  Nergalle (D:12)
  4 salamander mystics
  A titan skeleton (Vaults:1)
  11 sea snakes
  A swamp dragon (shapeshifter) (D:14)
  11 deep trolls
  9 wizards
  5 ironbound convokers
  17 lindwurms
  3 naga ritualists
  An obsidian statue (Shoals:2)
  An entropy weaver zombie (Gauntlet)
  7 necromancers
  A phantasmal warrior (Vaults:2)
  35 harpies
  A goliath frog zombie (Gauntlet)
  12 orc knights
  23 fauns
  11 mana vipers
  14 salamanders
  An eleionoma zombie (Gauntlet)
  5 orc sorcerers
  13 manticores
  2 moths of wrath (Lair:6)
  A spectral alligator snapping turtle (Shoals:3)
  2 cyclopes
  22 ugly things
  Maurice (D:9)
  16 guardian serpents
  A black mamba (shapeshifter) (D:13)
  A torpor snail (shapeshifter) (D:14)
  14 merfolk sirens
  The ghost of CInkIbrahim the Spear-Bearer, a novice GrGl of Ashenzari (D:5)
  An ice statue (IceCv)
  14 naga magi
  17 water nymphs
  5 vault sentinels
  24 black mambas
  A spectral sea snake (Shoals:3)
  A yaktaur zombie (Vaults:1)
  A gargoyle (D:11)
  6 torpor snails
  15 cane toads
  A dire elephant skeleton (Lair:4)
  7 rime drakes
  An efreet (D:14)
  An unseen horror (D:13)
  17 yaktaurs
  10 komodo dragons
  A death yak skeleton (Lair:3)
  A tengu conjurer (D:13)
  27 merfolk
  2 hydra zombies
  5 spectral merfolk (Shoals:3)
  11 wind drakes
  6 polar bears
  8 trolls
  Grinder (D:4)
  3 tyrant leeches (Lair:6)
  A boulder beetle zombie (Lair:5)
  9 hornets
  11 slime creatures
  25 blink frogs
  10 snapping turtles
  2 hydra skeletons
  6 dream sheep
  2 centaur simulacra (Gauntlet)
  Sigmund (D:7)
  6 air elementals (Shoals:4)
  4 black mamba zombies
  A shadow (D:11)
  3 wraiths
  27 water elementals
  50 yaks
  5 wyverns
  A basilisk (Lair:1)
  17 humans (D:14)
  2 redbacks (Vaults:2)
  2 steam dragons
  A redback simulacrum (Gauntlet)
  11 vampire mosquitoes
  Menkaure (D:5)
  7 wargs
  Edmund (D:7)
  2 harpy simulacra (Gauntlet)
  37 nagas
  An acid dragon (D:12)
  3 cane toad zombies (Lair:1)
  19 water moccasins
  A cane toad skeleton (Lair:3)
  5 black bears (Lair:1)
  An ice beast (D:5)
  A necrophage (D:5)
  45 orc warriors
  A human skeleton (Vaults:1)
  25 wolves
  8 boggarts (Vaults:1)
  8 ogres
  A manticore skeleton (D:14)
  A dream sheep skeleton (Lair:4)
  15 centaurs
  A torpor snail zombie (Lair:5)
  3 komodo dragon zombies
  A phantom (D:5)
  A rime drake skeleton (Lair:3)
  2 rime drake zombies
  2 komodo dragon skeletons (Lair:3)
  7 bullfrogs
  A human zombie (Vaults:1)
  A cyclops zombie (D:14)
  4 scorpions (D:5)
  A wyvern zombie (D:7)
  A water moccasin zombie (Lair:1)
  3 water moccasin skeletons
  A naga zombie (Gauntlet)
  2 yak zombies
  An elephant simulacrum (D:13)
  5 wights (D:6)
  A polar bear skeleton (Lair:4)
  A yak skeleton (Lair:3)
  2 electric eels (Lair:3)
  5 bullfrog zombies
  3 centaur zombies
  3 jellies
  2 bullfrog skeletons
  A centaur skeleton (D:7)
  21 orc priests
  A basilisk zombie (Lair:1)
  2 hounds (D:5)
  Crazy Yiuf (D:6)
  2 gnoll shamans
  3 iron imps (D:5)
  5 iguanas
  25 orc wizards
  A scorpion zombie (Lair:1)
  Ijyb (D:4)
  2 spriggan simulacra (D:13)
  2 troll simulacra (D:13)
  2 human simulacra (D:11)
  A hound skeleton (D:5)
  A howler monkey zombie (D:9)
  11 gnolls
  6 adders
  3 naga simulacra (D:13)
  4 shadow imps
  A white imp (Gauntlet)
  3 adder skeletons (D:4)
  3 worms (D:2)
  3 dart slugs
  141 orcs
  2 ball pythons (D:1)
  5 bat skeletons (D:9)
  A bat zombie (D:9)
  2 endoplasms
  6 giant cockroaches
  2 goblins
  7 hobgoblins
  3 quokkas
  9 bats
  2 frilled lizards (D:1)
  A hobgoblin zombie (D:14)
  5 kobolds
  4 rats
1370 creatures vanquished.

Vanquished Creatures (others)
  A merfolk aquamancer (Shoals:4)
  An unseen horror (D:12)
  2 orc wizards
  2 orcs
  A bush (D:5)
  13 demonic plants (Gauntlet)
  24 fungi
  95 plants
  25 tentacles (Shoals:3)
  3 toadstools (D:1)
  24 withered plants
191 creatures vanquished.

Grand Total: 1561 creatures vanquished

Notes
Turn   | Place    | Note
-------+----------+-------------------------------------------
     0 | D:1      | DildoBatman the Formicid Conjurer began the quest for the
                  | Orb.
     0 | D:1      | Reached XP level 1. HP: 13/13 MP: 3/3
   120 | D:1      | Found Xozim's General Store.
   152 | D:1      | Reached XP level 2. HP: 14/19 MP: 3/5
   155 | D:1      | Learned a level 2 spell: Searing Ray
   902 | D:1      | Reached XP level 3. HP: 21/24 MP: 3/6
  1107 | D:1      | Bought a scroll of identify for 22 gold pieces
  1107 | D:1      | Bought a scroll of noise for 11 gold pieces
  1449 | D:2      | Reached XP level 4. HP: 18/30 MP: 3/7
  1587 | D:2      | Found Xenuef's Antique Armour Shop.
  1712 | D:2      | Reached skill level 5 in Conjurations
  2188 | D:3      | Found a basalt altar of Yredelemnul.
  2188 | D:3      | Found a shadowy altar of Dithmenos.
  2284 | D:3      | Reached XP level 5. HP: 14/36 MP: 0/8
  2475 | D:3      | Found a faded altar of an unknown god.
  2565 | D:4      | Reached skill level 1 in Fighting
  2565 | D:4      | Reached skill level 1 in Armour
  2594 | D:4      | Noticed an ogre
  2599 | D:4      | Killed an ogre
  2600 | D:4      | Reached XP level 6. HP: 44/44 MP: 2/10
  2603 | D:4      | Noticed Ijyb
  2709 | D:4      | Noticed Grinder
  3304 | D:4      | Learned a level 3 spell: Mephitic Cloud
  3691 | D:5      | Entered Level 5 of the Dungeon
  3738 | D:5      | Noticed an ogre
  3907 | D:5      | Found a bloodstained altar of Trog.
  3927 | D:5      | Killed an ogre
  3928 | D:5      | Reached skill level 1 in Air Magic
  3928 | D:5      | Reached XP level 7. HP: 47/50 MP: 0/12
  4132 | D:5      | Noticed CInkIbrahim's ghost (novice GrGl)
  4137 | D:5      | Found a runed translucent gate.
  4137 | D:5      | Found a runed translucent gate.
  4137 | D:5      | Found a runed translucent gate.
  4137 | D:5      | Noticed a wyvern
  4259 | D:5      | Found a snail-covered altar of Cheibriados.
  4408 | D:5      | Found a burning altar of Makhleb.
  4670 | D:6      | Reached XP level 8. HP: 56/56 MP: 5/14
  4788 | D:6      | Found a runed translucent door.
  4789 | D:6      | Noticed Crazy Yiuf
  5209 | D:6      | Reached skill level 5 in Spellcasting
  5209 | D:6      | Reached skill level 5 in Poison Magic
  5732 | D:7      | Found a staircase to the Ecumenical Temple.
  5767 | Temple   | Entered the Ecumenical Temple
  6005 | D:7      | Reached XP level 9. HP: 61/61 MP: 11/17
  6260 | D:8      | Reached skill level 1 in Polearms
  6481 | D:8      | Found a staircase to the Lair.
  6496 | D:8      | Noticed a two-headed ogre
  6786 | D:8      | Reached skill level 5 in Air Magic
  7339 | D:9      | Reached XP level 10. HP: 68/68 MP: 13/20
  7368 | D:9      | Found a flagged portal.
  7555 | D:9      | Found an ancient bone altar of Kikubaaqudgha.
  7562 | D:9      | Became a worshipper of Kikubaaqudgha
  7604 | D:9      | Learned a level 4 spell: Dispel Undead
  7610 | D:9      | Learned a level 5 spell: Lee's Rapid Deconstruction
  7617 | D:9      | Learned a level 6 spell: Statue Form
  7618 | Bailey   | Entered a bailey
  7747 | Bailey   | Noticed an orc knight
  7779 | Bailey   | Reached skill level 5 in Fighting
  7780 | Bailey   | Reached * piety under Kikubaaqudgha
  7780 | Bailey   | Received a gift from Kikubaaqudgha
  7784 | Bailey   | Learned a level 2 spell: Sublimation of Blood
  7824 | Bailey   | Reached skill level 5 in Armour
  7832 | Bailey   | Killed an orc knight
  7870 | Bailey   | Noticed an orc knight
  7915 | Bailey   | Killed an orc knight
  7932 | Bailey   | Noticed an orc knight
  7987 | Bailey   | Killed an orc knight
  8091 | Bailey   | Noticed an orc knight
  8170 | Bailey   | Killed an orc knight
  8171 | Bailey   | Reached skill level 5 in Necromancy
  8171 | Bailey   | Reached XP level 11. HP: 54/79 MP: 13/21
  8392 | D:9      | Noticed Maurice
  8404 | D:9      | Killed Maurice
  8635 | D:9      | Identified the +8 falchion "Zaxyin" {vamp, *Noise Will+
                  | MP+9 Dex+2}
  8693 | D:9      | Noticed a two-headed ogre
  8806 | D:9      | Killed a two-headed ogre
  8807 | D:9      | Reached skill level 1 in Long Blades
  9120 | D:7      | Noticed Sigmund
  9131 | D:7      | Noticed Edmund
  9132 | D:7      | Killed Sigmund
  9167 | D:7      | Killed Edmund
  9304 | D:7      | Killed a two-headed ogre
 10099 | D:6      | Killed Crazy Yiuf
 10685 | D:5      | Noticed Menkaure
 10696 | D:5      | Killed Menkaure
 10795 | D:5      | Killed CInkIbrahim's ghost
 11107 | D:4      | Killed Grinder
 11134 | D:4      | Killed Ijyb
 11476 | D:10     | Entered Level 10 of the Dungeon
 11592 | D:10     | Reached ** piety under Kikubaaqudgha
 11836 | D:10     | Identified the ring of Jeip {rF+ MP+9 Int+4}
 11840 | D:10     | Reached skill level 10 in Necromancy
 12121 | D:10     | Gained mutation: Your mind is acute. (Int +2) [potion of
                  | mutation]
 12121 | D:10     | Gained mutation: You possess an exceptional clarity of
                  | mind. [potion of mutation]
 12121 | D:10     | Gained mutation: Your spells are a little harder to cast,
                  | but a little more powerful. [potion of mutation]
 12121 | D:10     | Gained mutation: Your muscles are strong. (Str +2) [potion
                  | of mutation]
 12171 | D:11     | Reached XP level 12. HP: 86/86 MP: 22/22
 12254 | D:11     | Noticed a two-headed ogre
 12279 | D:11     | Killed a two-headed ogre
 12721 | D:11     | Noticed a two-headed ogre
 12764 | D:11     | Killed a two-headed ogre
 13240 | D:12     | Noticed a boulder beetle
 13361 | D:12     | Noticed Nergalle
 13382 | D:12     | Killed Nergalle
 13399 | D:12     | Noticed a boulder beetle
 13416 | D:12     | Killed a boulder beetle
 13424 | D:12     | Learned a level 3 spell: Vampiric Draining
 13439 | D:12     | Found a staircase to the Orcish Mines.
 13452 | D:12     | Reached skill level 1 in Earth Magic
 13464 | D:12     | Reached skill level 2 in Earth Magic
 13630 | D:12     | Killed a boulder beetle
 13631 | D:12     | Reached skill level 3 in Earth Magic
 13671 | D:12     | Noticed a six-headed hydra
 13700 | D:12     | Killed a seven-headed hydra
 13701 | D:12     | Reached skill level 4 in Earth Magic
 13716 | D:12     | Reached *** piety under Kikubaaqudgha
 13716 | D:12     | Received a gift from Kikubaaqudgha
 13717 | D:12     | Reached skill level 5 in Earth Magic
 13797 | D:12     | Noticed Gastronok
 13813 | D:12     | Killed Gastronok
 13814 | D:12     | Reached skill level 6 in Earth Magic
 13826 | D:12     | Reached skill level 7 in Earth Magic
 13960 | D:12     | Noticed a six-headed hydra
 14216 | D:12     | Killed a one-headed hydra
 14217 | D:12     | Reached XP level 13. HP: 37/91 MP: 25/25
 14399 | D:12     | Learned a level 5 spell: Borgnjor's Vile Clutch
 14401 | Orc:1    | Entered Level 1 of the Orcish Mines
 14414 | Orc:1    | Reached skill level 8 in Earth Magic
 14433 | Orc:1    | Reached skill level 9 in Earth Magic
 14573 | Orc:1    | Reached skill level 10 in Earth Magic
 14871 | Orc:1    | Found Guoxyume's Antique Armour Shop.
 14955 | Orc:1    | Reached **** piety under Kikubaaqudgha
 14960 | Orc:1    | Reached skill level 11 in Earth Magic
 15224 | Orc:2    | Entered Level 2 of the Orcish Mines
 15276 | Orc:2    | Found Caawn's Antique Weapon Shoppe.
 15322 | Orc:2    | Reached skill level 12 in Earth Magic
 15493 | Orc:2    | Reached ***** piety under Kikubaaqudgha
 15536 | Orc:2    | Reached skill level 5 in Shields
 15579 | Orc:2    | Found a staircase to the Elven Halls.
 15635 | Orc:2    | Found Hiqe's Armour Emporium.
 15635 | Orc:2    | Found Saqing's Antique Armour Shop.
 15640 | Orc:2    | Found Xaopu's Assorted Antiques.
 15640 | Orc:2    | Found Jieptozo's Book Shop.
 15661 | Orc:2    | Bought a white potion for 22 gold pieces
 15661 | Orc:2    | Bought a white potion for 22 gold pieces
 15661 | Orc:2    | Bought a scroll labelled USSOMA YGOORPH for 25 gold pieces
 15669 | Orc:2    | Bought a +2 tower shield for 231 gold pieces
 15743 | Orc:2    | Reached XP level 14. HP: 83/100 MP: 24/26
 16201 | D:13     | Noticed Jorgrun
 16212 | D:13     | Killed Jorgrun
 16457 | D:13     | Found a frozen archway.
 16484 | IceCv    | Entered an ice cave
 16527 | IceCv    | Reached skill level 10 in Shields
 16659 | IceCv    | Noticed a frost giant
 16668 | IceCv    | Killed a frost giant
 17397 | D:14     | Reached ****** piety under Kikubaaqudgha
 17398 | D:14     | Reached XP level 15. HP: 96/105 MP: 27/27
 17398 | D:14     | Received a gift from Kikubaaqudgha
 17422 | D:13     | Fell from the grace of Kikubaaqudgha
 17577 | Temple   | Became a worshipper of Gozag Ym Sagoz the Greedy
 17916 | D:14     | Reached skill level 15 in Shields
 18227 | D:14     | Found a gate to the Vaults.
 18295 | D:14     | Reached skill level 5 in Dodging
 18547 | D:15     | Entered Level 15 of the Dungeon
 18691 | Lair:1   | Entered Level 1 of the Lair of Beasts
 20233 | Lair:3   | Found a gate leading to a gauntlet.
 20245 | Lair:3   | Found a staircase to the Snake Pit.
 20305 | Lair:3   | Noticed duchin's ghost (journeyman DgFi)
 20363 | Lair:3   | Found a runed translucent gate.
 20363 | Lair:3   | Found a runed translucent gate.
 20363 | Lair:3   | Found a runed translucent gate.
 20393 | Lair:3   | Killed duchin's ghost
 20430 | Lair:3   | Got Sif Muna's Incunabulum of Dislocated Air
 20491 | Gauntlet | Entered a Gauntlet
 20491 | Gauntlet | Found a transporter.
 20500 | Gauntlet | Found a transporter.
 20516 | Gauntlet | Found a transporter.
 20520 | Gauntlet | Found a transporter.
 20538 | Gauntlet | Found a transporter.
 20539 | Gauntlet | Found the +8 frozen axe "Frostbite" {freezing cloud, *Noise
                  | Fly rC+}
 20551 | Gauntlet | Found a transporter.
 20556 | Gauntlet | Found a transporter.
 20560 | Gauntlet | Found a transporter.
 20583 | Gauntlet | Found a transporter.
 20603 | Gauntlet | Found a transporter.
 20607 | Gauntlet | Found a transporter.
 20613 | Gauntlet | Noticed a reaper
 20615 | Gauntlet | Found a transporter.
 20831 | Gauntlet | Identified the amulet of Doubts {Spirit rF+}
 20864 | Gauntlet | HP: 3/110 [goliath frog zombie[the malice of Kikubaaqudgha]
                  | (15)]
 20873 | Gauntlet | HP: 5/111 [entropy weaver zombie[the malice of
                  | Kikubaaqudgha] (2)]
 20873 | Gauntlet | HP: 1/111 [entropy weaver zombie[the malice of
                  | Kikubaaqudgha] (4)]
 20974 | Gauntlet | Found the +5 robe of Night {Dark Will+ SInv}
 20974 | Gauntlet | Identified the +11 war axe of the Median {freeze, rC+
                  | Will+}
 20986 | Gauntlet | Got the Volume of Transmutation
 21446 | Lair:3   | Reached XP level 16. HP: 119/119 MP: 28/28
 21885 | Lair:4   | Identified the +0 mace of Wrath {venom, Int-2 Dex+7}
 22261 | Lair:4   | Noticed Rupert
 22272 | Lair:4   | Killed Rupert
 22493 | Lair:4   | Found a staircase to the Shoals.
 22687 | Lair:5   | Reached skill level 10 in Fighting
 22692 | Lair:5   | Reached skill level 10 in Armour
 23176 | Lair:5   | Found a staircase to the Slime Pits.
 23211 | Lair:5   | Was forgiven by Kikubaaqudgha
 23815 | Lair:6   | Entered Level 6 of the Lair of Beasts
 24182 | Lair:6   | Found a transporter.
 24182 | Lair:6   | Noticed hydrownug's ghost (journeyman OgWn)
 24213 | Lair:6   | Found a transporter.
 24546 | Lair:6   | Found a runed translucent door.
 24587 | Lair:6   | Reached skill level 15 in Fighting
 25079 | Lair:6   | Killed hydrownug's ghost
 25289 | Lair:6   | Identified the amulet "Kifeczyu" {RegenMP Contam Harm
                  | Int+6}
 25575 | Shoals:1 | Entered Level 1 of the Shoals
 25663 | Shoals:1 | Reached skill level 1 in Transmutations
 25678 | Shoals:1 | Reached XP level 17. HP: 144/147 MP: 26/29
 25718 | Shoals:1 | Found Angishrer's Assorted Antiques.
 25730 | Shoals:1 | Reached skill level 1 in Axes
 25738 | Shoals:1 | Bought a potion of resistance for 360 gold pieces
 25738 | Shoals:1 | Bought a ruby potion for 32 gold pieces
 25738 | Shoals:1 | Bought a sharpened iron wand for 144 gold pieces
 26687 | Shoals:2 | Found a runed translucent gate.
 26687 | Shoals:2 | Found a runed translucent gate.
 26687 | Shoals:2 | Found a runed translucent gate.
 26690 | Shoals:2 | Found an opulent altar of Gozag.
 26773 | Shoals:2 | Reached skill level 13 in Earth Magic
 26841 | Shoals:2 | Reached skill level 5 in Transmutations
 26881 | Shoals:2 | Identified the ring of Contention {rF- rN+ rCorr Dex+5}
 27104 | Shoals:2 | Noticed LordBelias's ghost (adept GnCA)
 27489 | Shoals:2 | Killed LordBelias's ghost
 27550 | Shoals:2 | Bought a scroll labelled DISOYH EPIEPS for 31 gold pieces
 27550 | Shoals:2 | Bought a scroll of identify for 62 gold pieces
 27550 | Shoals:2 | Bought a scroll of identify for 62 gold pieces
 27550 | Shoals:2 | Bought a wand of acid (7) for 248 gold pieces
 27551 | Shoals:2 | Bought a potion of resistance for 310 gold pieces
 27551 | Shoals:2 | Bought a scroll of identify for 62 gold pieces
 27551 | Shoals:2 | Bought a scroll labelled DAP XEFIPRURIU for 31 gold pieces
 27551 | Shoals:2 | Bought a potion of magic for 248 gold pieces
 27604 | Shoals:3 | Found Tepsucut's Assorted Antiques.
 27621 | Shoals:3 | Reached XP level 18. HP: 76/152 MP: 31/31
 27954 | Shoals:3 | Reached skill level 10 in Spellcasting
 28021 | Shoals:3 | Bought a scroll of identify for 46 gold pieces
 28136 | Shoals:3 | Reached skill level 14 in Earth Magic
 28686 | Shoals:4 | Entered Level 4 of the Shoals
 28686 | Shoals:4 | Found a stormy altar of Qazlal.
 29025 | Shoals:4 | Found a blossoming altar of Fedhas.
 29302 | Shoals:4 | Reached skill level 15 in Earth Magic
 29367 | Shoals:4 | Noticed a titan
 29375 | Shoals:4 | Killed a titan
 29413 | Shoals:4 | Got a barnacled rune of Zot
 29418 | Shoals:4 | Got Riagury's Catalogue of Dark Orientation
 29679 | Shoals:4 | Reached XP level 19. HP: 119/161 MP: 25/33
 30071 | Snake:1  | Entered Level 1 of the Snake Pit
 30562 | Snake:1  | Reached skill level 10 in Transmutations
 30967 | Snake:1  | Reached skill level 16 in Earth Magic
 31555 | Snake:2  | Found Peuta's Antique Armour Shoppe.
 31596 | Snake:2  | Found Ocuzic's Assorted Antiques.
 31610 | Snake:2  | Noticed Aizul
 31623 | Snake:2  | Killed Aizul
 31711 | Snake:2  | Found a flickering gateway to a bazaar.
 31724 | Bazaar   | Entered a bazaar
 31724 | Bazaar   | Found Tonich's Antique Weapon Emporium.
 31724 | Bazaar   | Found Kaoghera's Antique Armour Emporium.
 31725 | Bazaar   | Found Fibbuest's Jewellery Shoppe.
 31725 | Bazaar   | Found Tiul's Antique Weapon Shoppe.
 31802 | Snake:2  | Found Tanyehogh's Magic Scroll Shop.
 31811 | Snake:2  | Bought a scroll of fog for 28 gold pieces
 31811 | Snake:2  | Bought a scroll of identify for 28 gold pieces
 31811 | Snake:2  | Bought a scroll of summoning for 133 gold pieces
 31811 | Snake:2  | Bought a scroll of enchant armour for 105 gold pieces
 31811 | Snake:2  | Bought a scroll of identify for 28 gold pieces
 31907 | Snake:2  | Found Buzaep's Antique Weapon Shop.
 32213 | Snake:2  | Found Kiopsule's Assorted Antiques.
 32225 | Snake:2  | Bought a potion of brilliance for 104 gold pieces
 32372 | Snake:2  | Reached skill level 17 in Earth Magic
 32448 | Snake:2  | Identified the +2 pair of gloves of Tidgh {rC+}
 33147 | Snake:4  | Entered Level 4 of the Snake Pit
 33200 | Snake:4  | Reached skill level 18 in Earth Magic
 33228 | Snake:4  | Reached XP level 20. HP: 147/168 MP: 25/34
 33346 | Snake:4  | Reached skill level 19 in Earth Magic
 33551 | Snake:4  | Noticed Donald
 33567 | Snake:4  | Killed Donald
 34639 | Snake:4  | Got a serpentine rune of Zot
 35052 | Vaults:1 | Entered Level 1 of the Vaults
 35073 | Vaults:1 | Reached skill level 20 in Earth Magic
 35337 | Vaults:1 | Identified the +10 falchion "Natorchoo" {flame, Fly}
 35402 | Vaults:1 | Reached skill level 15 in Necromancy
 35790 | Vaults:1 | Reached XP level 21. HP: 150/174 MP: 34/35
 36492 | Vaults:2 | Noticed Margery
 36504 | Vaults:2 | Killed Margery
 36505 | Vaults:2 | Reached skill level 15 in Transmutations
 36561 | Vaults:2 | Found a huge runed gate.
 36561 | Vaults:2 | Found a huge runed gate.
 36561 | Vaults:2 | Found a huge runed gate.
 36561 | Vaults:2 | Found a huge runed gate.
 36562 | Vaults:2 | Found a huge runed gate.
 36562 | Vaults:2 | Found a huge runed gate.
 36562 | Vaults:2 | Found a huge runed gate.
 36562 | Vaults:2 | Found a huge runed gate.
 36563 | Vaults:2 | Found a huge runed gate.
 36565 | Vaults:2 | Found a huge runed gate.
 36565 | Vaults:2 | Found a huge runed gate.
 36565 | Vaults:2 | Found a huge runed gate.
 36565 | Vaults:2 | Found a huge runed gate.
 36565 | Vaults:2 | Found a huge runed gate.
 36565 | Vaults:2 | Found a huge runed gate.
 36566 | Vaults:2 | Found a huge runed gate.
 36567 | Vaults:2 | Found a huge runed gate.
 36568 | Vaults:2 | Found a huge runed gate.
 36576 | Vaults:2 | Found a huge runed gate.
 36576 | Vaults:2 | Found a huge runed gate.
 36576 | Vaults:2 | Found a huge runed gate.
 36576 | Vaults:2 | Found a huge runed gate.
 36576 | Vaults:2 | Found a huge runed gate.
 36576 | Vaults:2 | Found a huge runed gate.
 36577 | Vaults:2 | Found a huge runed gate.
 36578 | Vaults:2 | Found a huge runed gate.
 36579 | Vaults:2 | Found a huge runed gate.
 36589 | Vaults:2 | Found a huge runed gate.
 36589 | Vaults:2 | Found a huge runed gate.
 36589 | Vaults:2 | Found a huge runed gate.
 36589 | Vaults:2 | Found a huge runed gate.
 36589 | Vaults:2 | Found a huge runed gate.
 36589 | Vaults:2 | Found a huge runed gate.
 36590 | Vaults:2 | Found a huge runed gate.
 36882 | Vaults:2 | Identified the +0 scale mail of Takiler {rC+ Str+2 Stlth+}
 36996 | Vaults:2 | Mangled by a vault guard

Illustrated notes

Levels and vault maps discovered:
D:1:      saegor_arrival_simple_e, layout_basic, serial_shops, shop,
          minmay_parallelograms, corexii_hall_statues_i,
          minmay_gold_behind_fungi, chequers_serial_rivers_small_b,
          hangedman_decor_riveting
D:2:      layout_loops_ring, serial_shops, shop
D:3:      layout_basic, gammafunk_temple_overflow_pools,
          dreamdust_ecumenical_altar_hidden_monk_grotto
D:4:      layout_basic, uniq_ijyb, uniq_grinder
D:5:      layout_basic, mainiacjoe_overflow_brackets, demons_altar,
          trog_three_pillars_becter, gammafunk_ghost_split,
          kb_lookout_dungeons_type, uniq_menkaure
D:6:      layout_basic, uniq_crazy_yiuf_cottage
D:7:      layout_gridville, minmay_temple_entry_stoned_glass,
          sigmund_edmund_badplayer
D:8:      layout_loops_ring, lair_entry_dummy, chequers_serial_rivers_room_a,
          kennysheep_generic_room_12
D:9:      layout_loops_ring, kennysheep_vampire_church, enter_bailey_2,
          grunt_ogre_cave, uniq_maurice
D:10:     layout_cave_pools, special_room [special_room_orc]
D:11:     layout_cave_pools, minmay_hedge_maze, nicolae_two_hexagons,
          grunt_ministairs_8, bh_circular_ruins
D:12:     layout_long_grid, erik_orc_3, uniq_gastronok, uniq_nergalle
D:13:     layout_irregular_city, portal_ice_cave_entry_ice_simulacra,
          uniq_jorgrun
D:14:     layout_small_grid, grunt_vaults_entry_tiered,
          minmay_misc_feat_secret_circle
D:15:     grunt_enter_depths_giant_problem, layout_basic,
          ebering_ghost_disaster_area, eino_small_chamber_without_monster
Temple:   eino_temple_rhombus
Lair:1:   layout_big_grid, chequers_serial_rivers_room_a, beast_lair_carwin_10
Lair:2:   layout_gridlike, grunt_megastairs_5
Lair:3:   layout_roguey, minmay_snake_entry_six_corridors,
          maelrawn_ghost_gauntlet_escape, gauntlet_entry_generic,
          serial_bayou_lagoon_b
Lair:4:   layout_regular_city, elwin_shoals_entry_rocks, uniq_rupert
Lair:5:   cheibrodos_lair_river_kwai, layout_hall_layers, slime_dummy,
          chequers_serial_rivers_large_b, st_stairs_12, beast_lair_carwin_3
Lair:6:   wormcave, layout_loops_ring, gammafunk_ghost_berserking_beasts,
          serial_bayou_shore_a
Shoals:1: layout_shoals, serial_shops, shop, nicolae_shoals_square_sea_wall,
          st_sunken_temple
Shoals:2: layout_shoals, ebering_ghost_gozag, nicolae_shoals_enchanted_isle
Shoals:3: layout_shoals, serial_shops, shop, nicolae_shoals_spectral_cove
Shoals:4: shoals_end_hellmonk_storm_palace [storm_palace_center_square,
          storm_palace_corner_pillars, storm_palace_corner_altar,
          storm_palace_corner_altar, storm_palace_corner_grid]
Snake:1:  layout_layer_cave, nicolae_snake_single_loop, grunt_megastairs_1
Snake:2:  nicolae_snake_attic_fulla_snakes, layout_rooms, serial_shops,
          bzr_entry_road, shop, nicolae_shop_statue_plus, nicolae_shop_trees,
          shop, minmay_shop_star, uniq_aizul
Snake:3:  layout_cave_town, nicolae_snake_gridmaze_swirls
Snake:4:  snake_hunt, layout_layer_cave, grunt_ministairs_3,
          nicolae_snake_guarding_the_ruins, uniq_donald
Orc:1:    layout_caves, serial_shops, shop_coins
Orc:2:    grunt_orc_tribal_feast, layout_caves, serial_shops, shop_coins
Vaults:1: v_misc_18, vaults_dpeg_doors, grunt_vaults_hallway_long,
          vaults_mumra_minichess, vaults_room_grunt_arrival_ludios, v_misc_12,
          vaults_room_door_hall, v_alt_pattern_6, nicolae_vaults_angled_halls,
          nicolae_vaults_ring_of_whatevers, vaults_room_stairs_pillars,
          vaults_dpeg_cross, nicolae_vaults_display_case,
          layout_vaults_maze_snakey
Vaults:2: v_rooms_4, v_rooms_2, v_misc_17, vaults_room_hallway, door_vault,
          hangedman_vaults_corner_blocks, minmay_crypt_entry_nasty_monster,
          hangedman_vaults_corner, v_misc_26, nicolae_vaults_shelves_hall,
          nicolae_vaults_yaktaur_gun_rack, hangedman_vaults_cutoff,
          layout_vaults_ring, serial_shops, shop, uniq_margery

Skill      XL: |  1  2  3  4  5  6  7  8  9 10 11 12 13 14 15 16 17 18 19 20 21 |
---------------+----------------------------------------------------------------+-----
Conjurations   | 4 5 6 |  6.0
Fighting       | 1 2 5 6 8 17 | 17.0
Armour         | 1 2 6 7 9 10 | 10.0
Spellcasting   | 3 4 5 7 8 9 10 | 10.0
Air Magic      | 1 2 3 6 |  6.0
Poison Magic   | 2 3 6 |  6.0
Polearms       | 2 |  2.0
Dodging        | 2 3 4 6 7 |  7.0
Necromancy     | 5 10 12 13 14 15 17 | 17.1
Long Blades    | 2 |  2.0
Shields        | 4 6 14 15 | 15.0
Earth Magic    | 7 12 13 15 18 20 | 20.0
Transmutations | 1 5 9 12 13 15 | 15.6
Axes           | 3 |  3.7
Stealth        | |  2.4

Action                   |  1- 3 |  4- 6 |  7- 9 | 10-12 | 13-15 | 16-18 | 19-21 || total
-------------------------+-------+-------+-------+-------+-------+-------+-------++-------
Melee: Whip              |    27 |       |       |       |       |       |       ||    27
       Club              |     1 |       |       |       |       |       |       ||     1
       Mace              |    15 |    26 |       |       |       |       |       ||    41
       Long sword        |       |    19 |     2 |       |       |       |       ||    21
       Dagger            |       |       |    24 |       |       |       |       ||    24
       Halberd           |       |       |    55 |   152 |       |       |       ||   207
       Punch             |       |       |       |     2 |       |       |       ||     2
       Falchion          |       |       |       |   331 |   391 |   183 |       ||   905
       Hand axe          |       |       |       |     7 |     5 |     3 |       ||    15
       Executioner's axe |       |       |       |       |       |   166 |   305 ||   471
 Fire: Shortbow          |       |       |    60 |       |       |       |       ||    60
Throw: Dart              |       |       |     3 |       |       |       |       ||     3
 Cast: Magic Dart        |    26 |    34 |    12 |    23 |       |       |       ||    95
       Searing Ray       |     8 |    11 |    31 |    31 |       |       |       ||    81
       Mephitic Cloud    |       |     5 |    19 |    74 |    29 |     7 |    14 ||   148
       Dispel Undead     |       |       |       |    23 |    14 |    16 |     1 ||    54
       Vampiric Draining |       |       |       |     9 |    17 |       |    11 ||    37
       Borgnjor's Vile C |       |       |       |       |   260 |   331 |   276 ||   867
       Sublimation of Bl |       |       |       |       |     4 |    10 |     3 ||    17
       Statue Form       |       |       |       |       |       |       |     1 ||     1
Invok: Potion Petition   |       |       |       |       |     3 |     1 |       ||     4
       Receive Forbidden |       |       |       |       |     1 |       |       ||     1
       Renounce Religion |       |       |       |       |     1 |       |       ||     1
 Abil: Dig               |     2 |     1 |     6 |     6 |     6 |     1 |     2 ||    24
  Use: Scroll            |       |       |     6 |     7 |     7 |    13 |     5 ||    38
       Potion            |       |       |       |     1 |     4 |       |       ||     5
 Stab: Sleeping          |     2 |     3 |       |       |       |       |       ||     5
       Confused          |       |       |     9 |    34 |    14 |     1 |     6 ||    64
       Distracted        |       |       |       |       |     1 |     6 |     9 ||    16
Armor: Robe              |    24 |    22 |    28 |    39 |       |       |       ||   113
       Ring mail         |       |       |       |   189 |    26 |       |       ||   215
       Troll leather arm |       |       |       |       |   243 |   115 |    86 ||   444
       Skin              |       |       |       |       |       |       |    14 ||    14
Dodge: Dodged            |    32 |    43 |    72 |   283 |   261 |   235 |   160 ||  1086
Block: Buckler           |       |       |       |    84 |    56 |       |       ||   140
       Tower shield      |       |       |       |       |   456 |   711 |   494 ||  1661
